 Dungeon Crawl Stone Soup version 0.25-a0-429-g4e4398398a (webtiles) character file.

Game seed: 12207639836150716806, levelgen mode: deterministic

544 kipponium the Sneak (level 7, -1/52 HPs)
             Began as a Gnoll Wanderer on Jan 25, 2020.
             Was a Believer of Makhleb.
             Splashed by a jelly's acid (11 damage)
             ... on level 5 of the Dungeon.
             The game lasted 00:14:05 (3432 turns).

kipponium the Sneak (Gnoll Wanderer)                Turns: 3432, Time: 00:14:06

Health: -1/52      AC:  0    Str: 15    XL:     7   Next: 27%
Magic:  10/10      EV: 13    Int: 16    God:    Makhleb [**....]
Gold:   227        SH:  0    Dex: 14    Spells: 10/10 levels left

rFire    . . .     SeeInvis .   l - +2 dagger (drain)
rCold    . . .     Gourm    .   (no shield)
rNeg     . . .     Faith    .   a - +0 ring mail (curse)
rPois    .         Spirit   .   (no helmet)
rElec    .         Reflect  .   k - +0 cloak
rCorr    .         Harm     .   g - +0 pair of gloves
MR       .....                  o - +0 pair of boots
Stlth    +++.......             (no amulet)
HPRegen  0.17/turn              (no ring)
MPRegen  0.12/turn              (no ring)

@: corroded, hasted, very quick
A: distributed training, fangs 1, strong nose
a: Minor Destruction, Renounce Religion


You were on level 5 of the Dungeon.
You worshipped Makhleb.
Makhleb was pleased with you.
You were not hungry.

You visited 1 branch of the dungeon, and saw 5 of its levels.

You collected 227 gold pieces.

Inventory:

Hand Weapons
 i - a +2 hand axe of flaming
 l - a +2 dagger of draining (weapon)
Missiles
 j - 95 stones (quivered)
Armour
 a - a cursed +0 ring mail (worn)
 e - a +0 robe
 g - a +0 pair of gloves (worn)
 k - a +0 cloak (worn)
 o - a +0 pair of boots (worn)
Wands
 u - a wand of paralysis (6)
 y - a wand of acid (5)
Scrolls
 b - 2 scrolls of fear
 c - 2 scrolls of teleportation
 m - a scroll of fog {unknown}
 p - 3 scrolls of remove curse {unknown}
 q - 4 scrolls of identify
 v - 2 scrolls of blinking {unknown}
 w - a scroll of enchant armour {unknown}
 x - a scroll of noise {unknown}
 z - a scroll of immolation {unknown}
Potions
 d - 5 potions of curing
 f - 3 potions of haste
 n - 3 potions of heal wounds {unknown}
 s - 2 potions of invisibility {unknown}
 t - a potion of mutation {unknown}
 A - a potion of agility {unknown}
Comestibles
 h - 7 rations


   Skills:
 + Level 3.5 Fighting
 + Level 3.5 Short Blades
 + Level 2.3 Long Blades
 + Level 2.3 Axes
 + Level 2.3 Maces & Flails
 + Level 2.3 Polearms
 + Level 2.3 Staves
 + Level 2.3 Slings
 + Level 2.3 Bows
 + Level 2.3 Crossbows
 + Level 3.5 Throwing
 + Level 2.3 Armour
 + Level 5.1 Dodging
 + Level 6.4 Stealth
 + Level 3.5 Shields
 + Level 3.5 Unarmed Combat
 + Level 2.3 Spellcasting
 + Level 1.9 Conjurations
 + Level 1.9 Hexes
 + Level 1.9 Charms
 + Level 1.9 Summonings
 + Level 1.9 Necromancy
 + Level 1.9 Translocations
 + Level 1.9 Transmutations
 + Level 1.9 Fire Magic
 + Level 1.9 Ice Magic
 + Level 1.9 Air Magic
 + Level 1.9 Earth Magic
 + Level 1.9 Poison Magic
 + Level 2.5 Invocations
 + Level 2.3 Evocations


You had 10 spell levels left.
You didn't know any spells.
Your spell library was empty.

Dungeon Overview and Level Annotations

Branches:
Dungeon (5/15)             Temple (0/1) D:4

Altars:
Makhleb
Nemelex Xobeh

Annotations:
D:2 glass vault


Innate Abilities, Weirdness & Mutations

Your experience applies equally to all skills.
You have very sharp teeth.
Your uncanny sense of smell can sniff out nearby items.


Message History

The jelly is moderately wounded.
The crimson imp barely misses you. The jelly hits you.
You are splashed with acid.
You hit the jelly but do no damage. You drain the jelly.
Your hands burn!
The jelly is heavily wounded.
The crimson imp blinks!
The jelly hits you.
You are splashed with acid!
* * * LOW HITPOINT WARNING * * *
Evoke which item? (* to show all) (? for menu, Esc to quit)
Aiming: Corrosive Bolt
Press: ? - help, Shift-Dir - straight line, f - hound
Aim: a hound The bolt of acid misses the hound.
The jelly hits you.
* * * LOW HITPOINT WARNING * * *
You are splashed with acid!
* * * LOW HITPOINT WARNING * * *
You feel better.
The hound barely misses you. x2; The jelly misses you.
You feel yourself speed up. The hound closely misses you. The jelly hits you.
* * * LOW HITPOINT WARNING * * *
You are splashed with acid!
You die...

.........#
.........# ##
.........###...
................
....)...........
...........?....
#.......# ....
..?...#h# .....
##....#@##...)..
.#....J.........
........##......
.#....#.# .....
# #..###.# ...#
....# #.# #.#
.... #.# #
....####.#
.#.......#


You could see a hound and a jelly.

Vanquished Creatures
  A phantom (D:4)
  2 ogres (D:4)
  A scorpion (D:4)
  An orc priest (D:3)
  11 adders
  An ooze (D:2)
  4 worms
  4 dart slugs
  2 leopard geckos
  3 orcs (D:3)
  2 giant cockroaches
  7 goblins
  7 hobgoblins
  11 jackals
  13 kobolds
  2 quokkas
  9 bats
  6 frilled lizards
  A leopard gecko skeleton (D:5)
  7 rats
95 creatures vanquished.

Notes
Turn   | Place    | Note
-------+----------+-------------------------------------------
     0 | D:1      | kipponium the Gnoll Wanderer began the quest for the Orb.
     0 | D:1      | kipponium set off with the following items: a +0 club, a
                  | scroll of fear, a scroll of teleportation, a potion of
                  | curing, a +0 robe, a potion of haste, a +0 dagger, a ration
     0 | D:1      | Reached XP level 1. HP: 17/17 MP: 1/1
    69 | D:1      | Reached XP level 2. HP: 19/23 MP: 2/2
   495 | D:1      | Reached XP level 3. HP: 28/28 MP: 3/3
   636 | D:2      | Found a faded altar of an unknown god.
   655 | D:2      | Became a worshipper of Makhleb the Destroyer
   655 | D:2      | Reached * piety under Makhleb
   676 | D:2      | Reached skill level 6 in Stealth
   767 | D:2      | Reached skill level 1 in Invocations
   890 | D:2      | Reached skill level 1 in Long Blades
   890 | D:2      | Reached skill level 1 in Axes
   890 | D:2      | Reached skill level 1 in Maces & Flails
   890 | D:2      | Reached skill level 1 in Polearms
   890 | D:2      | Reached skill level 1 in Staves
   890 | D:2      | Reached skill level 1 in Slings
   890 | D:2      | Reached skill level 1 in Bows
   890 | D:2      | Reached skill level 1 in Crossbows
   890 | D:2      | Reached skill level 1 in Armour
   890 | D:2      | Reached skill level 1 in Spellcasting
   890 | D:2      | Reached skill level 1 in Evocations
   917 | D:2      | Reached XP level 4. HP: 34/34 MP: 5/5
  1196 | D:2      | Reached ** piety under Makhleb
  1196 | D:2      | Reached skill level 1 in Conjurations
  1196 | D:2      | Reached skill level 1 in Hexes
  1196 | D:2      | Reached skill level 1 in Charms
  1196 | D:2      | Reached skill level 1 in Summonings
  1196 | D:2      | Reached skill level 1 in Necromancy
  1196 | D:2      | Reached skill level 1 in Translocations
  1196 | D:2      | Reached skill level 1 in Transmutations
  1196 | D:2      | Reached skill level 1 in Fire Magic
  1196 | D:2      | Reached skill level 1 in Ice Magic
  1196 | D:2      | Reached skill level 1 in Air Magic
  1196 | D:2      | Reached skill level 1 in Earth Magic
  1196 | D:2      | Reached skill level 1 in Poison Magic
  1585 | D:3      | Reached XP level 5. HP: 40/40 MP: 6/6
  1873 | D:3      | Found a sparkling altar of Nemelex Xobeh.
  2596 | D:4      | Found a staircase to the Ecumenical Temple.
  2707 | D:4      | Reached XP level 6. HP: 45/47 MP: 8/8
  2783 | D:4      | Reached skill level 5 in Dodging
  3171 | D:5      | Entered Level 5 of the Dungeon
  3179 | D:4      | Reached XP level 7. HP: 52/52 MP: 10/10
  3432 | D:5      | Splashed by a jelly's acid

Levels and vault maps discovered:
D:1:      onia_arrival_mini_spirals, layout_rooms
D:2:      layout_loops_corners, chequers_ecumenical_altar_simple_redux,
          due_unseen_surprise
D:3:      layout_loops_cross, nemelex_xobeh_ov_fountains_minmay
D:4:      minmay_spotlight, layout_cave_pools, minmay_temple_entry_stoned_glass,
          first_ration
D:5:      layout_rooms, chequers_temple_overflow_statue_of_worship,
          slow_altar_1, serial_shops, shop_fountains

Skill      XL: |  1  2  3  4  5  6 |
---------------+-------------------+-----
Stealth        | 6 |  6.4
Invocations    | 1 2 |  2.5
Long Blades    | 1 2 |  2.3
Axes           | 1 2 |  2.3
Maces & Flails | 1 2 |  2.3
Polearms       | 1 2 |  2.3
Staves         | 1 2 |  2.3
Slings         | 1 2 |  2.3
Bows           | 1 2 |  2.3
Crossbows      | 1 2 |  2.3
Armour         | 1 2 |  2.3
Spellcasting   | 1 2 |  2.3
Evocations     | 1 2 |  2.3
Conjurations   | 1 |  1.9
Hexes          | 1 |  1.9
Charms         | 1 |  1.9
Summonings     | 1 |  1.9
Necromancy     | 1 |  1.9
Translocations | 1 |  1.9
Transmutations | 1 |  1.9
Fire Magic     | 1 |  1.9
Ice Magic      | 1 |  1.9
Air Magic      | 1 |  1.9
Earth Magic    | 1 |  1.9
Poison Magic   | 1 |  1.9
Fighting       | 3 |  3.5
Short Blades   | 3 |  3.5
Throwing       | 3 |  3.5
Shields        | 3 |  3.5
Unarmed Combat | 3 |  3.5
Dodging        | 5 |  5.1

Action                   |  1- 3 |  4- 6 |  7- 9 || total
-------------------------+-------+-------+-------++-------
Melee: Dagger            |   101 |   137 |    56 ||   294
       Bite              |     8 |    12 |     4 ||    24
       Punch             |       |     1 |       ||     1
Throw: Stone             |    16 |    70 |    38 ||   124
Evoke: Wand              |       |     3 |     1 ||     4
  Use: Potion            |       |       |     2 ||     2
       Scroll            |       |       |     1 ||     1
 Stab: Sleeping          |    11 |    12 |       ||    23
       Paralysed         |       |     1 |       ||     1
  Eat: Chunk             |       |     7 |     1 ||     8
Armor: Robe              |    14 |       |       ||    14
       Ring mail         |     7 |    34 |    16 ||    57
Dodge: Dodged            |    63 |    62 |    37 ||   162

Table legend:
 A = Non-vault XP
 B = Vault XP
 C = Vault XP percentage of total XP
 D = Non-vault monster count
 E = Vault monster count
 F = Vault count percentage of total count
                 A         B        C        D         E       F
            +---------+---------+-------+---------+---------+-------
      Total |     761 |      17 |   2.2 |      92 |       3 |   3.2
            +---------+---------+-------+---------+---------+-------
        D:1 |      42 |       0 |   0.0 |      24 |       0 |   0.0
        D:2 |      99 |       0 |   0.0 |      30 |       0 |   0.0
        D:3 |     142 |       0 |   0.0 |      26 |       0 |   0.0
        D:4 |     447 |      17 |   3.7 |       8 |       3 |  27.3
        D:5 |      31 |       0 |   0.0 |       4 |       0 |   0.0
            +---------+---------+-------+---------+---------+-------
